 Dungeon Crawl Stone Soup version 0.18.1-50-g88ac8fd (webtiles) character file.

1624 Gorglomux the Cleaver (level 8, -1/75 HPs)
             Began as a Deep Dwarf Fighter on Oct 29, 2016.
             Was a Believer of Makhleb.
             Slain by an orc wizard
             ... wielding a +0 dagger
              (3 damage)
             ... on level 7 of the Dungeon.
             The game lasted 00:16:52 (4650 turns).

Gorglomux the Cleaver (Deep Dwarf Fighter)          Turns: 4650, Time: 00:16:53

Health: -1/75      AC: 13    Str: 23    XL:     8   Next: 65%
Magic:  12/12      EV:  8    Int: 10    God:    Makhleb [**....]
Gold:   290        SH: 10    Dex: 12    Spells: 0 memorised, 7 levels left

rFire  . . .     SeeInvis .     a - +0 war axe
rCold  . . .     Gourm    .     b - +0 scale mail
rNeg   . . .     Faith    .     c - +0 shield
rPois  +         Spirit   .     r - +2 helmet
rElec  .         Dismiss  .     g - +2 cloak
rCorr  .         Reflect  .     (no gloves)
SustAt .         Harm     .     (no boots)
MR     +....     Clarity  +     (no amulet)
Stlth  +.........               (no ring)
                                i - ring of stealth

@: non-regenerating, somewhat resistant to hostile enchantments, very unstealthy
A: damage resistance, recharge devices, clarity, sense surroundings 1, poison
resistance, slow regeneration 3, strong 1
a: Device Recharging, Minor Destruction, Renounce Religion


You were on level 7 of the Dungeon.
You worshipped Makhleb.
Makhleb was pleased with you.
You were not hungry.

You visited 2 branches of the dungeon, and saw 8 of its levels.

You collected 444 gold pieces.
You spent 154 gold pieces at shops.

Inventory:

Hand Weapons
 a - a +0 war axe (weapon)
Missiles
 x - 3 javelins (quivered)
Armour
 b - a +0 scale mail (worn)
 c - a +0 shield (worn)
 g - a +2 cloak (worn)
 r - a +2 helmet (worn)
Jewellery
 i - a ring of stealth (left hand)
Wands
 e - a wand of heal wounds (0/9)
 y - a wand of iceblast (0/15)
 D - a wand of random effects (12/48)
Scrolls
 h - 5 scrolls of identify
 n - 4 scrolls of teleportation
 o - 2 scrolls of remove curse
 v - 4 scrolls of noise
 z - a scroll of fear
Potions
 d - 3 potions of might
 k - 2 potions of invisibility
 m - a potion of cancellation {unknown}
 q - a potion of cure mutation {unknown}
 s - a potion of brilliance {unknown}
 u - a potion of resistance {unknown}
 w - a potion of mutation
 A - a potion of lignification {unknown}
 B - a potion of curing {unknown}
 C - a potion of magic
 E - 2 potions of haste
Comestibles
 f - 6 bread rations
 j - a beef jerky
 l - 4 chunks of flesh
 t - a meat ration


   Skills:
 + Level 5.6 Fighting
 * Level 8.3 Axes
 - Level 4.2 Armour
 - Level 1.3 Dodging
 - Level 3.8 Shields
 + Level 6.4 Evocations


You had 7 spell levels left.
You didn't know any spells.

Dungeon Overview and Level Annotations

Branches:
Dungeon (7/15)             Temple (1/1) D:4

Altars:
Ashenzari
Cheibriados
Dithmenos
Elyvilon
Fedhas
Gozag
Kikubaaqudgha
Makhleb
Nemelex Xobeh
Okawaru
Pakellas
Qazlal
Ru
Sif Muna
Trog
Vehumet
Xom
Yredelemnul
Zin
The Shining One

Shops:
D:5 !


Innate Abilities, Weirdness & Mutations

You are resistant to damage.
You can recharge devices by infusing magical energy.
You passively map a small area around you.
You do not regenerate naturally.
You possess an exceptional clarity of mind.
Your system is resistant to poisons.
Your muscles are strong. (Str +2)


Message History

Makhleb accepts your kill.
You closely miss the orc wizard. You completely miss the orc.
The orc is heavily wounded.
The orc wizard hits you but does no damage.
You block the orc wizard's attack.
The orc priest calls down the wrath of Beogh upon you.
Beogh smites you!
* * * LOW HITPOINT WARNING * * *
You block the orc's attack.
Evoke which item? (* to show all) (? for menu, Esc to quit)
Okay, then.
Drink which item? (? for menu, Esc to quit)
It was a potion of magic.
Magic courses through your body. You block the orc wizard's attack.
You block the orc priest's attack. The orc hits you with a dagger.
You block the orc wizard's attack.
Drink which item? (? for menu, Esc to quit)
It was a potion of mutation.
You feel extremely strange.
You feel resistant to poisons.
You feel stronger.
Your thoughts seem clearer.
The orc wizard hits you with a dagger.
You die...

#################
#.......).......#
#.#####.#######.###
#....##.## #....
#........##########
#o@o.##..........
#o#)###.######### *
#.#.# #.# ,* * *
###.#.# #.# * ,
*#...#.# #.. * *
#.###.# #.. ** * ,
#o**#.#*##. , ,o.
,... , * .o. ..# ,*
<


You could see an orc priest, an orc wizard and an orc.

Vanquished Creatures
  Menkaure (D:4)
  An ice beast (D:7)
  4 ogres
  2 centaurs (D:6)
  2 giant frogs
  2 crimson imps
  A jelly (D:6)
  A giant frog skeleton (D:7)
  An orc priest (D:3)
  Crazy Yiuf (D:6)
  3 hounds
  A centaur skeleton (D:5)
  An iguana (D:5)
  Natasha (thrice) (D:4)
  2 worker ants
  2 orc wizards (D:3)
  A hound skeleton (D:5)
  A worker ant zombie (D:5)
  9 gnolls
  4 adders
  2 shadow imps (D:5)
  2 oozes
  A worm (D:2)
  9 giant geckos
  16 orcs
  A ball python (D:2)
  3 giant cockroaches
  7 hobgoblins
  4 jackals
  7 kobolds
  A quokka (D:4)
  8 bats
  A giant gecko skeleton (D:5)
  A giant gecko zombie (D:5)
  5 giant newts
  6 goblins
  A quokka skeleton (D:6)
  2 quokka zombies (D:5)
  5 rats
  2 rat zombies (D:5)
127 creatures vanquished.

Vanquished Creatures (others)
  An orc wizard (D:3)
1 creature vanquished.

Grand Total: 128 creatures vanquished

Notes
Turn   | Place    | Note
--------------------------------------------------------------
     0 | D:1      | Gorglomux the Deep Dwarf Fighter began the quest for the Orb.
     0 | D:1      | Reached XP level 1. HP: 20/20 MP: 1/1
    56 | D:1      | Reached XP level 2. HP: 27/27 MP: 2/2
   415 | D:1      | Reached XP level 3. HP: 26/33 MP: 3/3
   508 | D:2      | Reached skill level 1 in Dodging
   904 | D:2      | Found a shattered altar of Ashenzari.
  1007 | D:2      | Reached XP level 4. HP: 22/40 MP: 4/4
  1013 | D:2      | Found an opulent altar of Gozag.
  1014 | D:2      | Found a glowing silver altar of Zin.
  1471 | D:3      | Reached skill level 3 in Axes
  1508 | D:3      | Reached skill level 1 in Evocations
  1508 | D:3      | HP: 2/42 [orc priest/nerve-wracking pain (11)]
  1513 | D:3      | Reached XP level 5. HP: 19/49 MP: 4/6
  1917 | D:4      | Noticed Menkaure
  1920 | D:4      | Killed Menkaure
  1920 | D:4      | Reached skill level 4 in Axes
  1920 | D:4      | Reached XP level 6. HP: 20/57 MP: 6/8
  1976 | D:4      | Found an iron altar of Okawaru.
  2171 | D:4      | Found a staircase to the Ecumenical Temple.
  2180 | Temple   | Entered the Ecumenical Temple
  2268 | D:4      | Found a bloodstained altar of Trog.
  2268 | D:4      | Found a burning altar of Makhleb.
  2268 | D:4      | Found a snail-covered altar of Cheibriados.
  2268 | D:4      | Found a white marble altar of Elyvilon.
  2269 | D:4      | Found a shadowy altar of Dithmenos.
  2270 | D:4      | Found a shattered altar of Ashenzari.
  2272 | D:4      | Found a sacrificial altar of Ru.
  2273 | D:4      | Found an oddly glowing altar of Pakellas.
  2277 | D:4      | Became a worshipper of Makhleb the Destroyer
  2339 | D:4      | Noticed Natasha
  2356 | D:4      | Killed Natasha
  2356 | D:4      | Reached skill level 5 in Axes
  2651 | D:4      | Noticed Natasha
  2661 | D:4      | Killed Natasha
  2721 | D:4      | Found a shimmering altar of Xom.
  2838 | D:4      | Noticed Natasha
  2851 | D:4      | Killed Natasha
  2909 | D:5      | Entered Level 5 of the Dungeon
  2918 | D:5      | Reached XP level 7. HP: 35/64 MP: 9/9
  2953 | D:5      | Found Ehitwole's Distillery.
  2967 | D:5      | Bought a potion of haste for 140 gold pieces
  2967 | D:5      | Bought a potion of degeneration for 14 gold pieces
  3069 | D:5      | Reached * piety under Makhleb
  3190 | D:5      | Reached skill level 6 in Axes
  3452 | D:5      | Found a sparkling altar of Nemelex Xobeh.
  3551 | D:5      | Found an ancient bone altar of Kikubaaqudgha.
  3958 | D:6      | Reached skill level 5 in Evocations
  3958 | D:6      | Reached XP level 8. HP: 39/73 MP: 11/11
  3963 | D:6      | Reached ** piety under Makhleb
  3963 | D:6      | Reached skill level 5 in Fighting
  3963 | D:6      | Reached skill level 7 in Axes
  4380 | D:6      | Noticed Crazy Yiuf
  4381 | D:6      | Killed Crazy Yiuf
  4485 | D:7      | Reached skill level 8 in Axes
  4648 | D:7      | HP: 2/75 [orc priest/divine providence (6)]
  4650 | D:7      | Gained mutation: Your system is resistant to poisons. [potion of mutation]
  4650 | D:7      | Gained mutation: Your muscles are strong. (Str +2) [potion of mutation]
  4650 | D:7      | Gained mutation: You possess an exceptional clarity of mind. [potion of mutation]
  4650 | D:7      | Slain by an orc wizard

Skill      XL: |  1  2  3  4  5  6  7  8 |
---------------+-------------------------+-----
Armour         | 4 |  4.2
Dodging        | 1 |  1.3
Fighting       | 3 4 5 |  5.6
Axes           | 3 4 5 6 8 |  8.3
Evocations     | 1 3 5 6 |  6.4
Shields        | |  3.8

Action                   |  1- 3 |  4- 6 |  7- 9 || total
-------------------------+-------+-------+-------++-------
Melee: War axe           |   183 |   171 |   179 ||   533
Throw: Javelin           |       |       |     2 ||     2
Evoke: Wand              |       |     8 |    22 ||    30
  Use: Scroll            |       |       |    10 ||    10
       Potion            |       |       |     2 ||     2
 Stab: Paralysed         |       |       |     1 ||     1
  Eat: Chunk             |     1 |     6 |     6 ||    13
Armor: Scale mail        |   100 |   107 |    74 ||   281
Dodge: Dodged            |    64 |    60 |    51 ||   175
Block: Shield            |   109 |    89 |    93 ||   291
